 Dungeon Crawl Stone Soup version 0.21.1-1-g345015f (webtiles) character file.

2393 inc the Nimble (level 9, -3/37 HPs)
             Began as a Felid Chaos Knight on Feb 23, 2018.
             Was an Initiate of Nemelex Xobeh.
             Slain by a porcupine (6 damage)
             ... on level 1 of the Lair of Beasts.
             The game lasted 00:28:05 (11368 turns).

inc the Nimble (Felid Chaos Knight)                Turns: 11368, Time: 00:28:06

Health: -3/37      AC:  5    Str:  8    XL:     9   Next: 22%
Magic:  0/13       EV:  4    Int: 15    God:    Nemelex Xobeh [......]
Gold:   388        SH:  0    Dex: 15    Spells: 11/12 levels left
                                        Lives:  0   Deaths: 2

rFire    + + .     SeeInvis +     - Unarmed
rCold    + . .     Gourm    .   (shield unavailable)
rNeg     + + +     Faith    .   (armour unavailable)
rPois    ∞         Spirit   +   (helmet unavailable)
rElec    .         Reflect  .   (cloak unavailable)
rCorr    .         Harm     .   (gloves unavailable)
MR       +....                  (boots unavailable)
Stlth    ++++......             k - amulet of guardian spirit
HPRegen  0.12/turn              A - ring of protection from fire
MPRegen  0.13/turn              (no ring)

@: petrified, quick
A: very small, no armour, no weapons or thrown items, stealth, claws 1, fangs 3,
horns 1, slimy green scales 2, see invisible, carnivore, cold resistance 1,
dopey 1, fire resistance 1, speed 1, shaggy fur 2, slow metabolism 1, evolution
2, sharp paws
a: Renounce Religion


You were on level 1 of the Lair of Beasts.
You worshipped Nemelex Xobeh.
Nemelex Xobeh was noncommittal.
You were not hungry.

You visited 3 branches of the dungeon, and saw 11 of its levels.
You visited the Abyss 1 time.

You collected 388 gold pieces.

Inventory:

Jewellery
 k - an amulet of guardian spirit (around neck)
 A - a ring of protection from fire (left paw)
Wands
 o - a wand of digging (14)
 y - a wand of random effects (57)
 E - a wand of paralysis (12)
Scrolls
 b - 4 scrolls of remove curse {unknown}
 d - 3 scrolls of fear {unknown}
 g - a scroll of blinking {unknown}
 j - 2 scrolls of enchant armour {unknown}
 r - 7 scrolls of amnesia {unknown}
 u - 3 scrolls of teleportation {unknown}
 v - a scroll of fog {unknown}
 x - 4 scrolls of random uselessness {unknown}
 C - a scroll of noise {unknown}
Potions
 c - 4 potions of berserk rage
 e - a potion of haste
 f - 5 potions of magic
 h - 2 potions of brilliance
 m - a potion of ambrosia
 n - a potion of cancellation
 p - a potion of curing
 q - 2 potions of heal wounds
 t - 2 potions of flight
 w - a potion of experience {unknown}
Books
 i - a book of Misfortune

   Spells                             Type                      Level
   a - Confusing Touch                Hexes                        1
   b - Confuse                        Hexes                        3
   c - Gell's Gravitas                Translocation                3
   d - Petrify                        Transmutation/Earth          4
   e - Metabolic Englaciation         Hexes/Ice                    5
   f - Yara's Violent Unravelling     Hexes/Transmutation          5
 z - a book of Necromancy

   Spells                             Type                      Level
   a - Pain                           Necromancy                   1
   b - Animate Skeleton               Necromancy                   1
   c - Vampiric Draining              Necromancy                   3
   d - Regeneration                   Charms/Necromancy            3
   e - Animate Dead                   Necromancy                   4
   f - Borgnjor's Vile Clutch         Necromancy/Earth             5
 B - a book of Conjurations

   Spells                             Type                      Level
   a - Magic Dart                     Conjuration                  1
   b - Searing Ray                    Conjuration                  2
   c - Dazzling Spray                 Conjuration/Hexes            3
   d - Fulminant Prism                Conjuration/Hexes            4
   e - Force Lance                    Conjuration/Translocation    4
   f - Iskenderun's Mystic Blast      Conjuration                  4
Miscellaneous
 s - a lamp of fire
 D - a plain deck of destruction
Comestibles
 a - 17 rations


   Skills:
 - Level 3.0 Fighting
 - Level 11.2 Dodging
 - Level 6.2 Stealth
 - Level 10.5 Unarmed Combat
 - Level 2.0 Spellcasting
 - Level 3.3 Hexes
 + Level 5.2 Invocations


You had 11 spell levels left.
You knew the following spells:

 Your Spells              Type           Power        Failure   Level  Hunger
a - Confusing Touch       Hex            ##....       5%          1    #......


Dungeon Overview and Level Annotations

Branches:
Dungeon (9/15)             Temple (1/1) D:4            Lair (1/6) D:8
    Orc: D:9-12

Altars:
Ashenzari
Cheibriados
Dithmenos
Elyvilon
Fedhas
Gozag
Kikubaaqudgha
Makhleb
Nemelex Xobeh
Okawaru
Qazlal
Ru
Sif Muna
Uskayaw
Vehumet
Wu Jian
Xom
Yredelemnul
Zin
The Shining One


Innate Abilities, Weirdness & Mutations

You cannot wear armour.
You are incapable of wielding weapons or throwing items.
Your paws allow you to move quietly. (Stealth)
You have sharp claws.
You have razor-sharp teeth.
You have supernaturally acute eyesight. (SInv)
You are carnivorous and can eat meat at any time.
You cover ground quickly.
You are covered in thick fur. (AC +2)
You have a slow metabolism.
Your sharp claws are effective at attacking unaware monsters.
You have a pair of small horns on your head.
You are mostly covered in slimy green scales. (AC +3)
Your flesh is cold resistant. (rC+)
You are dopey. (Int -2)
Your flesh is heat resistant. (rF+)
You rapidly evolve.


Message History

The porcupine bites you but does no damage.
The basilisk bites you!
* * * LOW HITPOINT WARNING * * *
The porcupine bites you.
* * * LOW HITPOINT WARNING * * *
The crocodile bites you!
* * * LOW HITPOINT WARNING * * *
The basilisk bites you!
* * * LOW HITPOINT WARNING * * *
The bullfrog gives a loud, deep croak!
The porcupine bites you.
* * * LOW HITPOINT WARNING * * *
The crocodile barely misses you.
The basilisk bites you but does no damage.
The porcupine barely misses you.
The crocodile bites you but does no damage.
The porcupine bites you!
You die...
Xom laughs nastily!
Your body disappears without a glow.

.# ###......... ..#
#.......<..# ....
##.........## .....
##.........## .....##
##.........##
....?..#####.........##
.........##.........##
#.......l#........###
........r@......>.#
##......t........#.#
#.(##............### ##
#.....F....#.#
##....?...####
..........#
.>.........#
............#


You could see a basilisk, a crocodile, a bullfrog and a porcupine.

Vanquished Creatures
  A two-headed ogre (D:7)
  A black mamba (Lair:1)
  2 spiny frogs (Lair:1)
  A hornet (D:7)
  2 yaks
  A water moccasin (D:8)
  An orc warrior (D:6)
  2 ice beasts
  3 sky beasts (D:6)
  3 ogres
  2 wolves (D:9)
  A centaur (D:6)
  A phantom (D:6)
  A crocodile (Lair:1)
  Blork the orc (D:6)
  3 bullfrogs
  A wyvern skeleton (D:8)
  2 scorpions
  2 centaur zombies
  4 crimson imps
  A wyvern simulacrum (D:9)
  2 bullfrog skeletons
  4 orc priests
  5 hounds
  2 jellies
  3 iguanas
  Terence (D:2)
  Natasha (thrice) (D:2)
  5 worker ants
  8 orc wizards
  10 adders
  2 howler monkey skeletons
  A shadow imp (D:6)
  A white imp (D:9)
  3 oozes
  An adder skeleton (D:6)
  2 worms (D:3)
  2 dart slugs
  11 leopard geckos
  12 orcs
  2 ball pythons
  6 bats
  2 giant cockroaches
  11 goblins
  A hobgoblin (D:2)
  11 jackals
  2 quokkas
  4 frilled lizards
  A jackal skeleton (D:6)
  4 kobolds
  7 rats
165 creatures vanquished.

Notes
Turn   | Place    | Note
-------+----------+-------------------------------------------
     0 | D:1      | inc the Felid Chaos Knight began the quest for the Orb.
     0 | D:1      | Reached XP level 1. HP: 10/10 MP: 2/2
   493 | D:1      | Reached XP level 2. HP: 14/14 MP: 3/3
   495 | D:1      | XOM: confuse monster(s)
   580 | D:1      | XOM: mild Erth miscast
   789 | D:1      | XOM: cloud trail
  1535 | D:1      | Reached XP level 3. HP: 15/17 MP: 4/4
  1641 | D:2      | Noticed Natasha
  1674 | D:1      | XOM: give mutations
  1674 | D:1      | Gained mutation: Your mind is acute. (Int +2) [Xom's mischief]
  1674 | D:1      | Lost mutation: Your mind is acute. (Int +2) [Xom's mischief]
  1674 | D:1      | Gained mutation: You are frail. (-10% HP) [Xom's mischief]
  1674 | D:1      | Gained mutation: You are clumsy. (Dex -2) [Xom's mischief]
  1782 | D:2      | Noticed Terence
  1874 | D:2      | XOM: god gift: 50 gold pieces
  1913 | D:2      | Learned a level 1 spell: Confusing Touch
  2157 | D:2      | Found a shattered altar of Ashenzari.
  2181 | D:2      | XOM: mild Tloc miscast
  2191 | D:2      | XOM: summons friendly white imp
  2194 | D:2      | XOM: harmless Tmut miscast
  2246 | D:1      | XOM: harmless Tloc miscast
  2366 | D:2      | Killed Natasha
  2390 | D:2      | Noticed Natasha
  2438 | D:1      | XOM: god gift: 11 gold pieces
  2585 | D:2      | Killed Natasha
  2585 | D:2      | Reached XP level 4. HP: 8/18 MP: 2/5
  2655 | D:2      | XOM is BORED!
  2655 | D:2      | XOM: mild Chrm miscast
  2753 | D:2      | XOM: cloud trail
  2857 | D:2      | Noticed Natasha
  2883 | D:2      | XOM: mild Necr miscast
  2885 | D:2      | Killed Natasha
  2885 | D:2      | Reached skill level 1 in Hexes
  2964 | D:2      | Found a glowing silver altar of Zin.
  2966 | D:2      | Found an iron altar of Okawaru.
  3051 | D:2      | Reached XP level 5. HP: 20/20 MP: 6/6
  3240 | D:2      | XOM: harmless Erth miscast
  3244 | D:2      | Killed Terence
  3431 | D:3      | Lost mutation: You are frail. (-10% HP) [potion of mutation]
  3431 | D:3      | Lost mutation: You are clumsy. (Dex -2) [potion of mutation]
  3431 | D:3      | Gained mutation: You are occasionally teleported next to monsters. [potion of mutation]
  3431 | D:3      | Gained mutation: You are sometimes teleported next to monsters. [potion of mutation]
  3431 | D:3      | Gained mutation: Your spells are a little harder to cast, but a little more powerful. [potion of mutation]
  3536 | D:3      | XOM: harmless Hex miscast
  3538 | D:3      | Reached skill level 5 in Stealth
  3570 | D:3      | XOM: harmless Fire miscast
  3609 | D:4      | Noticed an ogre
  3715 | D:4      | XOM: 3-stop teleportation journey
  3732 | D:4      | Reached skill level 1 in Spellcasting
  3744 | D:4      | Gained mutation: You are covered in thick fur. (AC +2) [Felid growth]
  3744 | D:4      | Reached XP level 6. HP: 11/28 MP: 6/8
  3749 | D:4      | Found a staircase to the Ecumenical Temple.
  3759 | D:4      | XOM: summons friendly white imp
  4258 | D:3      | XOM: silly message
  4306 | D:3      | Lost mutation: Your spells are a little harder to cast, but a little more powerful. [potion of mutation]
  4306 | D:3      | Gained mutation: Your flesh is heat resistant. (rF+) [potion of mutation]
  4306 | D:3      | Gained mutation: You are somewhat resistant to further mutation. [potion of mutation]
  4366 | D:3      | XOM: confuse monster(s)
  4607 | D:4      | XOM: noise
  4626 | D:4      | XOM: 1-stop teleportation journey
  5296 | D:4      | XOM: butterfly on damage
  5305 | Temple   | Entered the Ecumenical Temple
  5501 | D:4      | XOM: blink monster(s)
  5518 | D:4      | Reached skill level 5 in Unarmed Combat
  5568 | D:4      | XOM: severe Summ miscast
  5568 | D:4      | Cast into level 2 of the Abyss (the severe capriciousness of Xom)
  5568 | D:4      | Escaped the Abyss
  5568 | D:4      | XOM: revert banishment
  5686 | D:4      | XOM: give mutation
  5686 | D:4      | Lost mutation: Your flesh is heat resistant. (rF+) [Xom's mischief]
  5691 | D:5      | Entered Level 5 of the Dungeon
  5717 | D:5      | XOM: enchant monster (bad)
  5719 | D:5      | XOM: enchant monster (good)
  5721 | D:5      | Reached XP level 7. HP: 31/31 MP: 9/11
  5819 | D:5      | Lost mutation: You are sometimes teleported next to monsters. [potion of mutation]
  5819 | D:5      | Lost mutation: You are occasionally teleported next to monsters. [potion of mutation]
  5819 | D:5      | Gained mutation: You are partially covered in slimy green scales. (AC +2) [potion of mutation]
  5819 | D:5      | Gained mutation: You are dopey. (Int -2) [potion of mutation]
  5819 | D:5      | Gained mutation: You are somewhat resistant to both further mutation and mutation removal. [potion of mutation]
  5949 | D:5      | XOM: harmless Pois miscast
  5956 | D:5      | Found a hide-covered altar of Uskayaw.
  6020 | D:5      | XOM: divination: detect items
  6032 | D:5      | XOM: harmless Fire miscast
  6034 | D:5      | XOM: butterfly on damage
  6213 | D:4      | XOM: silly message
  6259 | D:4      | XOM: god gift: lamp of fire
  6401 | D:5      | XOM: harmless Necr miscast
  6528 | D:5      | Found a glowing drain.
  6684 | D:5      | XOM: harmless Summ miscast
  6830 | D:5      | XOM: silly message
  6848 | D:6      | Noticed Blork the orc
  6879 | D:6      | XOM: potion effect (might)
  6881 | D:6      | Killed Blork the orc
  6968 | D:6      | Reached XP level 8. HP: 21/34 MP: 10/12
  6978 | D:6      | XOM: mild Hex miscast
  7250 | D:6      | XOM: silly message
  7319 | D:6      | XOM: fog
  7530 | D:6      | XOM: divination: detect creatures
  7690 | D:6      | XOM: noise
  7719 | D:6      | XOM: enchant monster (good)
  7723 | D:6      | Reached skill level 10 in Unarmed Combat
  8122 | D:7      | Reached skill level 4 in Dodging
  8122 | D:7      | Reached XP level 9. HP: 37/37 MP: 13/13
  8524 | D:7      | Found a glowing golden altar of the Shining One.
  8527 | D:7      | Found a radiant altar of Vehumet.
  8646 | D:7      | Noticed a two-headed ogre
  8653 | D:7      | Killed a two-headed ogre
  8653 | D:7      | Reached skill level 8 in Dodging
  8929 | D:7      | Reached skill level 9 in Dodging
  8963 | D:7      | Found an ornate altar of the Wu Jian Council.
  8964 | D:7      | Found a burning altar of Makhleb.
  9162 | D:7      | XOM: scenery: create altars
  9276 | D:8      | Found a staircase to the Lair.
  9276 | D:8      | Noticed a death yak
  9278 | D:8      | Noticed a death yak
  9278 | D:8      | Noticed a death yak
  9293 | D:8      | XOM: fog
  9304 | D:8      | Mangled by a death yak
  9305 | D:8      | Reached XP level 8. HP: -6/34 MP: 12/12
  9330 | D:8      | XOM: give mutations
  9330 | D:8      | Gained mutation: Your flesh is cold resistant. (rC+) [Xom's grace]
  9330 | D:8      | Lost mutation: You are somewhat resistant to both further mutation and mutation removal. [Xom's grace]
  9330 | D:8      | Lost mutation: You are somewhat resistant to further mutation. [Xom's grace]
  9330 | D:8      | Gained mutation: You evolve. [Xom's grace]
  9377 | D:8      | Reached skill level 10 in Dodging
  9459 | D:8      | XOM: give mutations
  9459 | D:8      | Gained mutation: You are mostly covered in slimy green scales. (AC +3) [Xom's grace]
  9459 | D:8      | Gained mutation: Your flesh is heat resistant. (rF+) [Xom's grace]
  9459 | D:8      | Gained mutation: You rapidly evolve. [Xom's grace]
  9521 | D:8      | Found a blossoming altar of Fedhas.
  9522 | D:8      | Found a deep blue altar of Sif Muna.
  9659 | D:8      | Noticed a storm dragon
  9659 | D:8      | a death yak changed into a storm dragon
  9659 | D:8      | XOM: polymorph death yak -> storm dragon
  9875 | D:9      | XOM: 1-stop teleportation journey
  9879 | D:9      | XOM: butterfly on damage
  9881 | D:9      | Reached XP level 9. HP: 20/37 MP: 11/13
 10075 | D:9      | Reached skill level 11 in Dodging
 10084 | D:9      | Gained mutation: You have a pair of small horns on your head. [evolution]
 10224 | D:9      | Noticed a two-headed ogre
 10229 | D:9      | XOM: butterfly on damage
 10234 | D:9      | Mangled by a two-headed ogre
 10235 | D:9      | Reached XP level 8. HP: -9/34 MP: 0/12
 10347 | D:7      | XOM: god gift: 5 needles of confusion
 10508 | Temple   | Fell from the grace of Xom
 10508 | Temple   | Became a worshipper of Nemelex Xobeh the Trickster
 10690 | D:8      | Reached skill level 1 in Invocations
 10958 | D:8      | Received a gift from Nemelex Xobeh
 10964 | Lair:1   | Entered Level 1 of the Lair of Beasts
 11109 | Lair:1   | Noticed a spiny frog
 11116 | Lair:1   | Killed a spiny frog
 11164 | Lair:1   | XOM: summons 3 hostile demons
 11315 | Lair:1   | Noticed a spiny frog
 11316 | Lair:1   | Noticed a black mamba
 11334 | Lair:1   | Killed a black mamba
 11334 | Lair:1   | Reached XP level 9. HP: 37/37 MP: 11/13
 11347 | Lair:1   | Killed a spiny frog
 11347 | Lair:1   | Reached skill level 5 in Invocations
 11368 | Lair:1   | Slain by a porcupine

Skill      XL: |  1  2  3  4  5  6  7  8  9 |
---------------+----------------------------+-----
Unarmed Combat | 4 5 8 10 | 10.5
Stealth        | 3 4 5 6 |  6.2
Hexes          | 2 3 |  3.3
Spellcasting   | 1 2 |  2.0
Dodging        | 10 11 | 11.2
Invocations    | 4 5 |  5.2
Fighting       | |  3.0

Action                   |  1- 3 |  4- 6 |  7- 9 || total
-------------------------+-------+-------+-------++-------
Melee: Unarmed           |   114 |   219 |   408 ||   741
       Bite              |    10 |    18 |    38 ||    66
       Punch             |     1 |     4 |    17 ||    22
       Headbutt          |       |       |    23 ||    23
 Cast: Confusing Touch   |     4 |    16 |    60 ||    80
  Use: Potion            |     1 |     4 |     3 ||     8
       Scroll            |     2 |       |     7 ||     9
 Stab: Sleeping          |     4 |     7 |    17 ||    28
       Distracted        |     1 |     1 |     1 ||     3
       Confused          |     3 |     7 |    34 ||    44
  Eat: Chunk             |     1 |    15 |     4 ||    20
       Ration            |     1 |       |       ||     1
Armor: Skin              |     7 |    13 |    16 ||    36
Dodge: Dodged            |   105 |   152 |   224 ||   481
